AoeStats
← KaLong

Arena

507655998Analyzed
4v4 RM · 14d ago on Sep 19, 2026· 44m 28s· 8 players
Game mode
Random Map
Map size
Large (8 player)
Population
200
Speed
Normal
Resources
Standard
Victory
Conquest
Starting age
Dark Age
Ending age
Imperial Age
RankedLock teamsTeams togetherTeam positionsShared explorationLock speedFull tech treeHidden civsTurbo modeCheats
Victory
Defeat
🇦🇷 Tupi · Argentina
1601
+11
🇲🇽 Persians · Mexico
1533
+14
🇲🇽 Bengalis · Mexico
1529
+14
🇦🇷 Khmer · Argentina
1507
+14
🇩🇪 Teutons · Germany
1505
-15
🇺🇸 Turks · United States
1477
-13
🇰🇷 Koreans · South Korea
1475
-13
🇺🇸 Persians · United States
1463
-12
倉木華
10:31 Feudal Age
11:43 Wheelbarrow
14:22 Castle Age
12:32 Double-Bit Axe
13:13 Horse Collar
15:59 Loom
19:44 Heavy Plow
20:28 Town Watch
22:33 Husbandry
23:09 Bow Saw
24:24 Gold Mining
24:25 Stone Mining
25:42 Gold Shaft Mining
25:48 Hand Cart
27:15 Bloodlines
30:44 Imperial Age
28:46 Scale Barding Armor
29:30 Forging
31:07 Chain Barding Armor
30:26 Heavy Camel Rider
32:09 Two-Man Saw
31:40 Crop Rotation
32:15 Iron Casting
32:32 Plate Barding Armor
32:12 Cavalier
35:18 Blast Furnace
34:15 Savar
40:44 Conscription
hermelin*?
5:52 Loom
9:28 Feudal Age
20:03 Castle Age
18:24 Double-Bit Axe
18:41 Horse Collar
21:15 Bow Saw
22:11 Wheelbarrow
22:18 Wheelbarrow
21:42 Gold Mining
23:13 Town Watch
25:35 Stone Mining
26:19 Heavy Plow
28:02 Hand Cart
28:36 Scale Mail Armor
28:46 Forging
31:26 Fortified Wall
34:20 Imperial Age
33:20 Chain Mail Armor
33:04 Pikeman
33:45 Squires
34:21 Iron Casting
34:54 Stone Shaft Mining
34:27 Onager
36:15 Chemistry
36:30 Halberdier
39:15 Plate Mail Armor
39:45 Blast Furnace
39:50 Ironclad
39:51 Conscription
41:35 Siege Onager
KaLong
9:26 Loom
11:38 Feudal Age
13:53 Fletching
17:34 Castle Age
16:05 Double-Bit Axe
30:57 Padded Archer Armor
31:44 Horse Collar
32:47 Wheelbarrow
32:53 Bow Saw
35:07 Hand Cart
39:53 Imperial Age
38:36 Leather Archer Armor
39:16 Fortified Wall
39:17 Masonry
40:59 Bombard Tower
41:18 Scale Barding Armor
41:23 Forging
41:45 Ring Archer Armor
42:16 Bloodlines
42:07 Husbandry
44:33 Chain Barding Armor
44:48 Iron Casting
ahnimah
6:43 Loom
10:56 Feudal Age
15:03 Castle Age
13:21 Double-Bit Axe
13:17 Horse Collar
22:01 Wheelbarrow
25:41 Hand Cart
29:00 Imperial Age
27:24 Bow Saw
27:55 Ballistics
27:48 Gold Mining
28:10 Eupseong
28:07 Fletching
29:25 Scale Mail Armor
29:36 Forging
28:52 Pikeman
29:33 Squires
29:18 Arson
30:00 Conscription
30:55 Chemistry
30:29 Chain Mail Armor
30:15 Halberdier
31:03 Town Watch
31:52 Treadmill Crane
33:10 Loom
33:28 Arrowslits
35:56 Bodkin Arrow
36:36 Plate Mail Armor
36:42 Iron Casting
36:33 Fortified Wall
40:01 Bracer
ZEK000
5:29 Loom
8:36 Feudal Age
11:08 Wheelbarrow
11:01 Town Watch
12:24 Double-Bit Axe
12:21 Horse Collar
21:34 Castle Age
22:47 Bow Saw
22:38 Heavy Plow
31:26 Imperial Age
29:21 Padded Archer Armor
29:11 Fletching
29:32 Gold Mining
31:01 Leather Archer Armor
30:41 Bodkin Arrow
32:17 Bracer
33:22 Ballistics
35:21 Ring Archer Armor
35:55 Chemistry
36:37 Scale Barding Armor
36:15 Elite Elephant Archer
39:31 Bloodlines
39:22 Husbandry
44:57 Paiks
AiM | Fubuki Sinri
10:02 Feudal Age
13:40 Castle Age
11:38 Double-Bit Axe
20:14 Loom
21:32 Wheelbarrow
21:48 Horse Collar
22:19 Bow Saw
23:21 Heavy Plow
23:16 Gold Mining
24:33 Hand Cart
25:24 Town Watch
28:24 Imperial Age
25:42 Town Watch
26:19 Bloodlines
26:10 Husbandry
26:21 Scale Barding Armor
27:33 Gold Shaft Mining
26:49 Stone Mining
27:19 Forging
27:51 Chain Barding Armor
29:09 Iron Casting
28:08 Cavalier
29:48 Stone Shaft Mining
30:13 Crop Rotation
30:16 Savar
32:49 Blast Furnace
32:27 Plate Barding Armor
32:53 Blast Furnace
32:13 Heavy Camel Rider
34:32 Two-Man Saw
41:37 Chemistry
40:02 Light Cavalry
44:11 Fletching
AiM | Facu1414
10:39 Feudal Age
13:37 Castle Age
11:25 Double-Bit Axe
11:36 Horse Collar
14:44 Scale Barding Armor
17:47 Light Cavalry
19:29 Bloodlines
19:53 Loom
21:27 Husbandry
22:03 Forging
22:20 Chain Barding Armor
24:37 Wheelbarrow
24:45 Forging
28:33 Imperial Age
26:25 Bow Saw
26:17 Heavy Plow
27:16 Iron Casting
28:32 Hand Cart
28:03 Town Watch
29:54 Plate Barding Armor
30:00 Hussar
33:03 Blast Furnace
34:56 Capped Ram
38:30 Capped Ram
41:40 Siege Ram
AIM | Agua cate 98
1:55 Loom
6:16 Loom
8:09 Feudal Age
9:55 Double-Bit Axe
12:28 Fletching
12:52 Town Watch
14:07 Horse Collar
17:13 Gold Mining
19:07 Wheelbarrow
25:28 Castle Age
27:02 Bodkin Arrow
29:42 Guard Tower
30:39 Bow Saw
30:43 Heavy Plow
38:54 Imperial Age
36:29 Padded Archer Armor
37:34 Ballistics
38:31 Leather Archer Armor
39:42 Gold Shaft Mining
38:59 Stone Mining
39:30 Hand Cart
39:59 Bracer
41:36 Chemistry
41:00 Elite Blackwood Archer
43:06 Conscription
42:10 Pikeman
42:50 Squires
43:30 Halberdier
Connection lost

Rejoining the realm…

Still unreachable

The connection could not be restored.

Session expired

The server has moved on; the page needs a fresh start.